 Dungeon Crawl Stone Soup version 0.24-a0-459-g225fefd530 (webtiles) character file.

Game seed: 3948487533452655265

4266 Murumi the Fighter (level 10, -2/83 HPs)
             Began as a Formicid Fighter on June 30, 2019.
             Was a Follower of Okawaru.
             Slain by Krouwed's ghost (9 damage)
             ... on level 7 of the Dungeon.
             The game lasted 00:30:01 (7280 turns).

Murumi the Fighter (Formicid Fighter)               Turns: 7280, Time: 00:30:02

Health: -2/83      AC: 16    Str: 26    XL:     10   Next: 56%
Magic:  12/12      EV:  8    Int: 11    God:    Okawaru [*.....]
Gold:   385        SH: 12    Dex: 10    Spells: 9/9 levels left

rFire    + . .     SeeInvis +   o - +10 falchion of Fedhas's Castigation {venom, *Contam +Blink +Inv Stlth+}
rCold    + . .     Gourm    .   c - +0 shield
rNeg     + . .     Faith    .   w - +0 plate armour
rPois    +         Spirit   .   (helmet unavailable)
rElec    +         Reflect  .   a - +0 cloak
rCorr    +         Harm     .   C - +0 pair of gloves
MR       +....                  (no boots)
Stlth    ..........             (no amulet)
HPRegen  0.23/turn              A - ring of positive energy
MPRegen  0.13/turn              G - ring of poison resistance

@: mighty, resistant, very slightly contaminated, invisible (expiring)
A: permanent stasis, dig shafts and tunnels, four strong arms, antennae 3
a: Dig, Shaft Self, Heroism, Renounce Religion


You were on level 7 of the Dungeon.
You worshipped Okawaru.
Okawaru was aware of your devotion.
You were hungry.

You visited 2 branches of the dungeon, and saw 8 of its levels.

You collected 385 gold pieces.

Inventory:

Hand Weapons
 o - the +10 falchion of Fedhas's Castigation (weapon) {venom, *Contam +Blink +Inv Stlth+}
   (You found it on level 4 of the Dungeon)

   It poisons the flesh of those it strikes.
   It lets you turn invisible.
   It lets you blink.
   It causes magical contamination when unequipped.
   It makes you more stealthy.
 D - a +0 scimitar
Missiles
 e - 155 stones
 l - 16 poisoned darts
 p - 11 boomerangs
 t - 84 bolts
 F - 2 javelins (quivered)
Armour
 a - a +0 cloak (worn)
 c - a +0 shield (worn)
 g - a scarf of repulsion
 w - a +0 plate armour (worn)
 C - a +0 pair of gloves (worn)
Jewellery
 A - a ring of positive energy (left hand)
 G - a ring of poison resistance (right hand)
Wands
 i - a wand of digging (7)
 y - a wand of disintegration (35)
 E - a wand of iceblast (6)
 I - a wand of clouds (3)
Scrolls
 b - a scroll of remove curse
 n - 3 scrolls of fog
 q - 2 scrolls of fear
 r - 3 scrolls of amnesia
 u - 3 scrolls of enchant weapon
 z - 2 scrolls of magic mapping
Potions
 d - 3 potions of might
 h - 2 potions of brilliance
 j - 2 potions of cancellation
 v - a potion of mutation {unknown}
 x - 2 potions of flight
Comestibles
 f - 14 rations


   Skills:
 - Level 9.3 Fighting
 - Level 6.0 Long Blades
 - Level 8.0 Armour
 - Level 2.1 Dodging
 - Level 9.0 Shields
 + Level 3.6 Invocations
 - Level 3.2 Evocations


You had 9 spell levels left.
You didn't know any spells.
Your spell library was empty.

Dungeon Overview and Level Annotations

Branches:
Dungeon (7/15)             Temple (1/1) D:7

Altars:
Ashenzari
Cheibriados
Dithmenos
Gozag
Hepliaklqana
Kikubaaqudgha
Makhleb
Okawaru
Qazlal
Ru
Trog
Vehumet
Yredelemnul
Zin
The Shining One

Annotations:
D:5 1 runed translucent door
D:7 1 transporter, Krouwed's ghost, novice HuFi


Innate Abilities, Weirdness & Mutations

You cannot be hasted, slowed, berserked, paralysed or teleported.
You can dig through walls and to a lower floor.
Your four strong arms can wield two-handed weapons with a shield.
You have a pair of large antennae on your head. (SInv)


Message History

The gnoll shouts!
Krouwed's ghost hits you.
* * * LOW HITPOINT WARNING * * *
You block the gnoll sergeant's attack.
You hit Krouwed's ghost but do no damage.
Krouwed's ghost is severely damaged.
The gnoll shouts!
Krouwed's ghost hits you but does no damage.
The gnoll sergeant hits you with a +0 trident of electrocution.
* * * LOW HITPOINT WARNING * * *
You slash Krouwed's ghost!
Krouwed's ghost is severely damaged.
The gnoll shouts!
Krouwed's ghost hits you!
* * * LOW HITPOINT WARNING * * *
You block the gnoll sergeant's attack.
You hit Krouwed's ghost but do no damage.
Krouwed's ghost is severely damaged.
Krouwed's ghost hits you!
You die...

.........≈≈#g.#8###8#g.#≈≈.......
.......#.≈≈##g###.###.##≈≈.##.#..
.........≈≈#g..........#≈≈.......
#...##...≈≈###g##'##.###≈≈....#..
..#.##.#.≈≈..#.#...# #..≈≈.##.#..
#...##.#.≈≈.##g#⌠.⌠#.##.≈≈.##.#..
.......#.≈≈.#{g#...#.g#.≈≈..#.#..
...#####.≈≈.##{##g##.##.≈≈..#.#..
...# ##.....#{#@..#.#..≈≈.......
...# #.....©#gW.©.'.#©.≈≈..#.##.
#..# #......#g#8⌠8#.#..≈≈..#.##.
#..####..≈≈.##g#####.##.≈≈.......
.........≈≈.#..# #.g#.≈≈..#.###
..>......≈≈.##.#$ #.##.≈≈.......
..###....≈≈..#.#$$ #.#..≈≈..#.###
#.# #....≈≈###.## #.###≈≈..#.#
#.# #....≈≈#..........g#≈≈..#.###


You could see 3 gnoll sergeants, Krouwed's ghost and a gnoll (wandering).

Vanquished Creatures
  Pikel (D:7)
  Joseph (D:7)
  A soldier ant (D:5)
  Menkaure (D:7)
  4 slaves (D:7)
  4 sky beasts
  An orc warrior (D:6)
  3 ogres
  A necrophage (D:7)
  A phantom (D:7)
  A centaur (D:5)
  Blork the orc (D:6)
  A gnoll sergeant (D:7)
  5 bullfrogs
  2 scorpions (D:6)
  12 killer bees
  2 centaur zombies
  3 crimson imps (D:5)
  2 hounds
  2 jellies
  An orc priest (D:7)
  5 orc wizards
  15 worker ants
  A worker ant zombie (D:6)
  8 adders
  15 gnolls
  A howler monkey skeleton (D:4)
  4 shadow imps
  An ooze (D:4)
  2 adder skeletons
  4 worms
  2 dart slugs
  4 leopard geckos
  23 orcs
  2 ball pythons
  7 giant cockroaches
  13 goblins
  3 hobgoblins
  11 jackals
  6 kobolds
  3 quokkas
  8 bats
  6 frilled lizards
  2 leopard gecko zombies
  5 rats
201 creatures vanquished.

Vanquished Creatures (others)
  6 plants (D:7)
6 creatures vanquished.

Grand Total: 207 creatures vanquished

Notes
Turn   | Place    | Note
-------+----------+-------------------------------------------
     0 | D:1      | Murumi the Formicid Fighter began the quest for the Orb.
     0 | D:1      | Reached XP level 1. HP: 18/18 MP: 1/1
    89 | D:1      | Reached skill level 1 in Dodging
    99 | D:1      | Reached XP level 2. HP: 24/24 MP: 2/2
   250 | D:1      | You fall into a shaft and drop 1 floor!
   316 | D:2      | Found a sacrificial altar of Ru.
   412 | D:2      | Reached XP level 3. HP: 28/29 MP: 3/3
  1253 | D:2      | Reached XP level 4. HP: 36/36 MP: 4/4
  1995 | D:2      | Reached XP level 5. HP: 27/42 MP: 5/5
  2778 | D:4      | Reached skill level 5 in Armour
  2912 | D:4      | Reached XP level 6. HP: 23/48 MP: 6/6
  3313 | D:4      | Reached skill level 5 in Shields
  3380 | D:4      | Reached skill level 1 in Evocations
  3527 | D:4      | Noticed an ogre
  3539 | D:4      | Killed an ogre
  3539 | D:4      | Reached XP level 7. HP: 34/54 MP: 7/9
  3932 | D:4      | Got a brightly glowing falchion
  3933 | D:4      | Identified the +10 falchion of Fedhas's Castigation {venom,
                  | *Contam +Blink +Inv Stlth+} (You found it on level 4 of the
                  | Dungeon)
  4067 | D:5      | Entered Level 5 of the Dungeon
  4338 | D:5      | Reached skill level 5 in Fighting
  4355 | D:5      | Reached XP level 8. HP: 43/63 MP: 10/10
  4659 | D:5      | Found a runed translucent door.
  4672 | D:5      | Found a runed translucent door.
  5039 | D:5      | Reached skill level 5 in Long Blades
  5124 | D:6      | Reached XP level 9. HP: 66/69 MP: 11/11
  5383 | D:6      | Found an ancient bone altar of Kikubaaqudgha.
  5389 | D:6      | Noticed Blork the orc
  5401 | D:6      | Killed Blork the orc
  5482 | D:6      | Found a bloodstained altar of Trog.
  6014 | D:7      | Noticed Menkaure
  6020 | D:7      | Killed Menkaure
  6287 | D:7      | Found a staircase to the Ecumenical Temple.
  6297 | Temple   | Entered the Ecumenical Temple
  6345 | Temple   | Became a worshipper of Warmaster Okawaru
  6396 | D:7      | Reached XP level 10. HP: 69/79 MP: 12/12
  6457 | D:7      | Found a transporter.
  6471 | D:7      | Identified the +2 ring mail of Repulsion {Int+4}
  6471 | D:7      | Identified the +3 shield of Going Fast {rElec}
  6622 | D:7      | Noticed Pikel
  6635 | D:7      | Killed Pikel
  6635 | D:7      | Reached * piety under Okawaru
  7042 | D:7      | Noticed Joseph
  7056 | D:7      | Killed Joseph
  7171 | D:7      | Found a transporter.
  7184 | D:7      | Identified the ring of Nuiwack {+Blink Str+2 Int+3 Dex+5
                  | Slay+3}
  7254 | D:7      | Noticed Krouwed's ghost (novice HuFi)
  7280 | D:7      | Slain by Krouwed's ghost

Levels and vault maps discovered:
D:1:      minmay_arrival_shattered_statue, layout_rooms, minivault_27,
          minmay_misc_feat_rows
D:2:      layout_loops_corners, lemuel_doored_altar
D:3:      layout_rooms, first_ration
D:4:      layout_gridville, grunt_ministairs_4
D:5:      lemuel_insect_pit, layout_rooms, minmay_fractal_squares_gapless_5
D:6:      layout_basic, grunt_temple_overflow_open, lightli_corner_chamber,
          uniq_blork_the_orc
D:7:      layout_basic, minmay_temple_entry_slanted,
          gammafunk_ghost_gnarly_gnolls, uniq_pikel, uniq_joseph, uniq_menkaure
Temple:   nicolae_temple_hex_pool

Skill      XL: |  1  2  3  4  5  6  7  8  9 10 |
---------------+-------------------------------+-----
Dodging        | 1 2 |  2.1
Shields        | 4 5 7 9 |  9.0
Long Blades    | 3 4 5 6 |  6.0
Fighting       | 4 5 6 7 9 |  9.3
Armour         | 5 7 8 |  8.0
Evocations     | 3 |  3.2
Invocations    | 3 |  3.6

Action                   |  1- 3 |  4- 6 |  7- 9 | 10-12 || total
-------------------------+-------+-------+-------+-------++-------
Melee: Long sword        |    97 |   194 |    10 |       ||   301
       Falchion          |       |       |   209 |   130 ||   339
Throw: Stone             |    74 |    71 |   110 |    30 ||   285
       Dart              |       |     5 |       |     5 ||    10
       Throwing net      |       |     1 |       |       ||     1
       Javelin           |       |       |       |     1 ||     1
Invok: Heroism           |       |       |       |     2 ||     2
 Abil: Dig               |       |     2 |     1 |       ||     3
  Use: Scroll            |     7 |     6 |     6 |       ||    19
       Potion            |       |     1 |       |     5 ||     6
  Eat: Chunk             |     1 |     8 |    10 |     2 ||    21
Armor: Scale mail        |    40 |    62 |     4 |       ||   106
       Skin              |       |     9 |       |       ||     9
       Plate armour      |       |       |    66 |    56 ||   122
Dodge: Dodged            |    44 |    69 |    37 |    22 ||   172
       Deflected         |     4 |     2 |     1 |       ||     7
Block: Shield            |    54 |    99 |    89 |    66 ||   308
       Rpst.: Long sword |    16 |    17 |       |       ||    33
       Falchion          |       |       |    16 |     5 ||    21

Table legend:
 A = Non-vault XP
 B = Vault XP
 C = Vault XP percentage of total XP
 D = Non-vault monster count
 E = Vault monster count
 F = Vault count percentage of total count
                 A         B        C        D         E       F
            +---------+---------+-------+---------+---------+-------
      Total |    3859 |    2236 |  36.7 |     169 |      28 |  14.2
            +---------+---------+-------+---------+---------+-------
        D:1 |      35 |       0 |   0.0 |      18 |       0 |   0.0
        D:2 |     109 |       0 |   0.0 |      27 |       0 |   0.0
        D:3 |      91 |       0 |   0.0 |      19 |       0 |   0.0
        D:4 |     319 |       0 |   0.0 |      20 |       0 |   0.0
        D:5 |     655 |     711 |  52.0 |      25 |      17 |  40.5
        D:6 |     864 |     149 |  14.7 |      20 |       5 |  20.0
        D:7 |    1786 |    1376 |  43.5 |      40 |       6 |  13.0
            +---------+---------+-------+---------+---------+-------
